 Dungeon Sprint DCSS version 0.21-a0-264-g3e31e41 (webtiles) character file.

7 Kidiri the Sneak (level 1, -3/9 HPs)
             Began as a Spriggan Enchanter on Sept 8, 2017.
             Slain by a neqoxec (12 damage)
             ... in the Dungeon (Sprint II: "The Violet Keep of Menkaure").
             The game lasted 00:00:26 (108 turns).

Kidiri the Sneak (Spriggan Enchanter)                Turns: 108, Time: 00:00:27

Health: -3/9       AC:  2    Str:  4      XL:     1   Next: 83%
Magic:  5/5        EV: 19    Int: 15 (16) God:
Gold:   243        SH:  0    Dex: 16      Spells: 5/6 levels left

rFire    . . .     SeeInvis +   a - +1 dagger
rCold    . . .     Gourm    .   (shield restricted)
rNeg     . . .     Faith    .   b - +0 robe
rPois    .         Spirit   .   (helmet restricted)
rElec    .         Reflect  .   (no cloak)
rCorr    .         Harm     .   (gloves unavailable)
MR       .....     NoTele   +   (boots unavailable)
Stlth    +++.......             (no amulet)
HPRegen  0.03/turn              (no ring)
MPRegen  0.09/turn              (no ring)

@: very quick
A: unfitting armour, see invisible, herbivore 3, speed 3, slow metabolism 2
a: no special abilities


You were in the Dungeon.
You were not hungry.

You visited 1 branch You collected 243 gold pieces.

Inventory:

Hand Weapons
 a - a +1 dagger (weapon)
Armour
 b - a +0 robe (worn)
Scrolls
 j - a scroll of blinking
Potions
 e - a potion of curing
 f - a potion of heal wounds
 g - a potion of haste
 h - 2 potions of magic
Books
 c - a book of Maledictions

   Spells                             Type                      Level
   a - Corona                         Hexes                        1
   b - Ensorcelled Hibernation        Hexes/Ice                    2
   c - Confuse                        Hexes                        3
   d - Tukima's Dance                 Hexes                        3
   e - Dazzling Spray                 Conjuration/Hexes            3
Comestibles
 d - a bread ration


   Skills:
 + Level 0.5 Fighting
 * Level 2.0 Short Blades
 + Level 0.4 Armour
 * Level 3.7 Dodging
 * Level 5.1 Stealth
 * Level 3.1 Spellcasting
 + Level 3.9 Hexes


You had 5 spell levels left.
You knew the following spells:

 Your Spells              Type           Power        Failure   Level  Hunger
a - Corona                Hex            ##.....      4%          1    #......


Dungeon Overview and Level Annotations

Branches:
Dungeon (1/1)

Altars:

Annotations:
D exclusion: Roxanne, Roxanne


Innate Abilities, Weirdness & Mutations

You are very small and have problems with some larger weapons.
You are too small for most types of armour.
You have supernaturally acute eyesight. (SInv)
You are a herbivore.
You cover ground extremely quickly.
You need consume almost no food.


Message History

You close the door.
There is an open door here.
There is a staircase leading out of the dungeon here.
You open the door. 4 neqoxecs come into view.
The neqoxec shouts! x2
Found 243 gold pieces.
Unknown command.
Okay, then.
You closely miss the neqoxec. The neqoxec closely misses you.
You hit the neqoxec but do no damage.
The neqoxec gestures. x2
You hit the neqoxec but do no damage. The neqoxec gestures at you.
You feel dopey. Something feeds on your intellect!
The neqoxec gestures.
The neqoxec hits you!
Ouch! That really hurt!
You die...

#≈≈#+++#+++##
≈≈≈.........#
##+# ##.#w#
#..##.#
##..### #
##'# 5#
##.##3#
+.5@33#
##5##35# #+#
5# #


You could see 4 neqoxecs, a quasit, a crimson imp, 2 white imps and a shadow
imp.

Vanquished Creatures
  2 worms (D)
2 creatures vanquished.

Vanquished Creatures (others)
  Menkaure (D)
1 creature vanquished.

Grand Total: 3 creatures vanquished

Notes
Turn   | Place    | Note
-------+----------+-------------------------------------------
     0 | D        | Kidiri the Spriggan Enchanter began the quest for the Orb.
     0 | D        | Reached XP level 1. HP: 9/9 MP: 5/5
    22 | D        | Reached skill level 5 in Stealth
    23 | D        | Killed Menkaure
    94 | D        | Noticed Roxanne
   105 | D        | Noticed a neqoxec
   105 | D        | Noticed a neqoxec
   105 | D        | Noticed a neqoxec
   105 | D        | Noticed a neqoxec
   108 | D        | Noticed a quasit
   108 | D        | Noticed a crimson imp
   108 | D        | Slain by a neqoxec

Vault maps used:
D:        the_violet_keep_of_menkaure

Skill      XL: |  1 |
---------------+----+-----
Short Blades   | 2 |  2.0
Stealth        | 5 |  5.1
Spellcasting   | 3 |  3.1
Fighting       | |  0.5
Armour         | |  0.4
Dodging        | |  3.7
Hexes          | |  3.9

Action                   || total
-------------------------++-------
Melee: Dagger            ||    16
  Use: Potion            ||     1
Dodge: Dodged            ||     4

Table legend:
 A = Spawn XP
 B = Non-spawn XP
 C = Spawn XP percentage of total XP
 D = Spawn monster count
 E = Non-spawn monster count
 F = Spawn count percentage of total count
 G = Total turns spent on level
                    A         B        C        D         E        F      G
               +---------+---------+-------+---------+---------+-------+---------
         Total |       0 |      10 |   0.0 |       0 |       2 |   0.0 |   108
               +---------+---------+-------+---------+---------+-------+---------
             D |       0 |      10 |   0.0 |       0 |       2 |   0.0 |   108
               +---------+---------+-------+---------+---------+-------+---------
